 Dungeon Crawl Stone Soup version 0.17.0-28-g6e173f8 (webtiles) character file.

6466 septik the Bludgeoner (level 11, -7/60 HPs)
             Began as a Gargoyle Fighter on Nov 24, 2015.
             Was an Initiate of Okawaru.
             Mangled by an orc knight
             ... wielding a +0 war axe
              (13 damage)
             ... in a bailey.
             The game lasted 00:22:31 (9892 turns).

septik the Bludgeoner (Gargoyle Fighter)            Turns: 9892, Time: 00:22:31

Health: -7/60      AC: 19    Str: 21    XL:     11   Next: 0%
Magic:  11/11      EV:  7    Int:  8    God:    Okawaru [......]
Gold:   339        SH:  4    Dex: 12    Spells: 0 memorised, 10 levels left

rFire  . . .     SeeInvis .     G - +6 flail (flame)
rCold  . . .     Clarity  .     p - +0 chain mail
rNeg   + . .     SustAt   .     q - +0 buckler
rPois  ∞         Gourm    .     P - +0 helmet
rElec  +         Spirit   .     (no cloak)
rCorr  .         Warding  .     (no gloves)
rMut   .         Stasis   .     n - +1 pair of boots
MR     .....                    (no amulet)
Stlth  ..........               (no ring)
                                y - ring of flight

@: not resistant to hostile enchantments, extremely unstealthy
A: negative energy resistance 1, electricity resistance, unbreathing,
petrification resistance, rot immunity, AC +7
a: Renounce Religion, Evoke Flight


You were in a bailey.
You worshipped Okawaru.
Okawaru was noncommittal.
You were not hungry.

You visited 2 branches of the dungeon, and saw 10 of its levels.
You also visited: Sewer and Bailey.

You collected 339 gold pieces.

Inventory:

Hand Weapons
 t - a +0 blowgun
 G - a +6 flail of flaming (weapon)
 H - a +1 whip of pain
 O - a +3 flail
Missiles
 g - 283 stones (quivered)
 X - 17 poisoned needles
Armour
 c - a +0 shield
 n - a +1 pair of boots (worn)
 p - a +0 chain mail (worn)
 q - a +0 buckler (worn)
 P - a +0 helmet (worn)
Jewellery
 y - a ring of flight (left hand)
 M - an uncursed amulet of the gourmand {unknown}
Wands
 f - a wand of slowing (24)
 m - a wand of lightning (6)
 w - a wand of paralysis (11)
 S - a wand of disintegration (20)
 T - a wand of disintegration (13)
Scrolls
 j - 2 scrolls of fear
 k - 7 scrolls of identify
 l - 2 scrolls of amnesia
 r - 3 scrolls of teleportation
 s - 3 scrolls of remove curse
 A - a scroll of enchant armour
 E - 2 scrolls of fog
 K - a scroll of acquirement
Potions
 b - 2 potions of curing
 d - 2 potions of might
 h - a potion of haste {unknown}
 i - 2 potions of brilliance {unknown}
 u - a potion of agility {unknown}
 v - a potion of cancellation {unknown}
 x - 5 potions of heal wounds {unknown}
 z - a potion of mutation {unknown}
 B - 4 potions of flight {unknown}
 D - a potion of poison {unknown}
 I - a potion of magic {unknown}
 L - a potion of lignification {unknown}
 R - a potion of ambrosia {unknown}
Books
 o - a book of Summonings

   Spells                             Type                      Level
   a - Recall                         Summoning/Translocation      3
   b - Aura of Abjuration             Summoning                    5
   c - Shadow Creatures               Summoning                    5
   d - Summon Demon                   Summoning                    5
   e - Summon Forest                  Summoning/Translocation      5
   f - Summon Mana Viper              Hexes/Summoning              5
 Q - a book of Battle

   Spells                             Type                      Level
   a - Infusion                       Charms                       1
   b - Shroud of Golubria             Charms/Translocation         2
   c - Song of Slaying                Charms                       2
   d - Spectral Weapon                Hexes/Charms                 3
   e - Regeneration                   Charms/Necromancy            3
Comestibles
 a - 8 beef jerkies
 e - 9 bread rations
 C - 4 fruits
 F - 16 chunks of flesh
 J - 2 meat rations


   Skills:
 + Level 3.2 Fighting
 - Level 15.4 Maces & Flails
 + Level 3.2 Armour
 + Level 0.0 Dodging
 + Level 3.2 Shields


You had 10 spell levels left.
You didn't know any spells.

Dungeon Overview and Level Annotations

Branches:
Dungeon (9/15)             Temple (1/1) D:4             Orc (0/4) D:9
   Lair: D:8-11

Altars:
Ashenzari
Cheibriados
Dithmenos
Elyvilon
Gozag
Kikubaaqudgha
Makhleb
Nemelex Xobeh
Qazlal
Ru
Sif Muna
Trog
Vehumet
Xom
Yredelemnul
Zin


Innate Abilities, Weirdness & Mutations

You are resistant to torment.
Your stone body is resilient (AC +7).
You are immune to poison.
You resist negative energy.
You are resistant to electric shocks.
You can survive without breathing.
You are immune to petrification.
You are immune to rotting.


Message History

The orc knight is heavily wounded.
The orc hits you but does no damage.
The orc warrior hits you with a war axe!
You closely miss the orc knight.
The orc knight is heavily wounded.
The orc knight hits you with a war axe!
* * * LOW HITPOINT WARNING * * *
The orc hits you but does no damage.
Your chain mail prevents you from hitting the orc knight.
The orc knight is heavily wounded.
The orc warrior hits you but does no damage.
You hit the orc knight. You burn the orc knight.
The orc knight is heavily wounded.
The orc knight hits you but does no damage.
You block the orc's attack.
You closely miss the orc knight.
The orc knight is heavily wounded.
The orc warrior barely misses you. You block the orc's attack.
The orc knight hits you with a war axe!
You die...

...# #...)#≈≈≈≈≈≈≈ ####
####'#≈≈≈≈≈≈≈ #..+
+..#.≈≈≈≈≈≈≈≈ #..######
######g.#.≈≈≈≈≈≈≈≈ #..#%%..#
#..:?#og#.≈≈≈≈≈≈≈≈ #..#%%..+
+..??#gg#.≈≈≈≈≈≈≈≈
#))#############gg#.≈≈≈≈≈≈≈≈
##)#...........#o##.≈≈≈≈≈≈≈≈
'........_.....o@o'.≈≈≈≈≈≈≈≈
#.8.............8.#.≈≈≈≈≈≈≈≈
#.................#.≈≈≈≈≈≈≈≈
#.8.###########.8)#.≈≈≈≈≈≈≈≈
#.....#######..)).#.≈≈≈≈≈≈≈≈
#.8...#.....#...8.#.≈≈≈≈≈≈≈≈
#.....#.....#.....#.≈≈≈≈≈≈≈≈
####..#..⌠..#..####'#≈≈≈≈≈≈≈
)..#..'.....'..#..))#≈≈≈≈≈≈≈


You could see an orc knight, 2 orc warriors, a gnoll, an orc (frenzied), a
hobgoblin and 4 goblins.

Vanquished Creatures
  A hill giant (D:8)
  2 orc knights (Bailey)
  2 kobold demonologists (Bailey)
  A troll (D:9)
  Sigmund (D:2)
  2 hippogriffs
  Menkaure (D:5)
  Edmund (D:5)
  A water moccasin (D:8)
  A sky beast (D:8)
  3 ice beasts
  8 ogres
  3 orc warriors (Bailey)
  2 phantoms
  2 centaurs
  A crocodile (D:7)
  Blork the orc (D:5)
  A big kobold (Sewer)
  2 giant frogs
  A scorpion (D:8)
  2 wyvern skeletons
  6 wights
  2 crimson imps
  4 electric eels (Bailey)
  5 hounds
  Ijyb (D:2)
  A jelly (D:8)
  A centaur skeleton (D:6)
  A giant frog skeleton (D:5)
  3 iguanas
  An orc priest (D:7)
  2 orc wizards
  4 worker ants
  A hound skeleton (D:5)
  25 gnolls
  2 river rats (Sewer)
  11 adders
  A shadow imp (D:7)
  7 oozes
  An adder zombie (D:7)
  3 worms
  2 giant geckos
  18 orcs
  6 bats
  9 giant cockroaches
  27 goblins
  25 hobgoblins
  15 jackals
  17 kobolds
  A quokka (D:6)
  9 ball pythons
  A ball python skeleton (D:4)
  A giant gecko zombie (D:5)
  6 giant newts
  2 jackal skeletons (D:5)
  2 quokka skeletons
  9 rats
271 creatures vanquished.

Vanquished Creatures (others)
  A plant (D:7)
1 creature vanquished.

Grand Total: 272 creatures vanquished

Notes
Turn   | Place    | Note
--------------------------------------------------------------
     0 | D:1      | septik the Gargoyle Fighter began the quest for the Orb.
     0 | D:1      | Reached XP level 1. HP: 14/14 MP: 1/1
    51 | D:1      | Reached XP level 2. HP: 14/19 MP: 2/2
   221 | D:1      | Reached XP level 3. HP: 23/23 MP: 3/3
   627 | D:2      | Noticed Sigmund
   783 | D:2      | Reached skill level 4 in Maces & Flails
   906 | D:2      | Reached XP level 4. HP: 28/28 MP: 4/4
  1267 | D:2      | Killed Sigmund
  1267 | D:2      | Reached skill level 6 in Maces & Flails
  1267 | D:2      | Reached XP level 5. HP: 27/32 MP: 5/5
  1267 | D:2      | Reached XP level 6. HP: 31/37 MP: 6/6
  1426 | D:2      | Noticed Ijyb
  1474 | D:2      | Killed Ijyb
  1620 | D:3      | Found a snail-covered altar of Cheibriados.
  1647 | D:4      | Found a staircase to the Ecumenical Temple.
  1656 | Temple   | Entered the Ecumenical Temple
  2668 | D:3      | Reached skill level 7 in Maces & Flails
  3232 | D:3      | Reached XP level 7. HP: 41/41 MP: 7/7
  3474 | D:5      | Entered Level 5 of the Dungeon
  3830 | D:5      | Noticed Blork the orc
  3844 | D:5      | Killed Blork the orc
  3844 | D:5      | Reached skill level 8 in Maces & Flails
  3851 | D:5      | Found a glowing silver altar of Zin.
  3922 | D:5      | Found a glowing drain.
  3969 | Sewer    | Entered a sewer
  4553 | D:5      | Noticed Edmund
  4617 | D:5      | Killed Edmund
  4617 | D:5      | Reached skill level 9 in Maces & Flails
  4617 | D:5      | Reached XP level 8. HP: 16/46 MP: 8/8
  4877 | D:5      | Noticed Menkaure
  4887 | D:5      | Killed Menkaure
  5441 | D:5      | Reached skill level 10 in Maces & Flails
  6387 | D:5      | Reached skill level 11 in Maces & Flails
  6521 | D:6      | Found a basalt altar of Yredelemnul.
  6609 | D:6      | Reached XP level 9. HP: 51/51 MP: 9/9
  6873 | D:6      | Found a white marble altar of Elyvilon.
  7317 | D:7      | Reached skill level 12 in Maces & Flails
  8192 | D:8      | Reached skill level 13 in Maces & Flails
  8306 | D:8      | Reached XP level 10. HP: 52/56 MP: 10/10
  8397 | D:8      | Noticed a hill giant
  8407 | D:8      | Killed a hill giant
  8407 | D:8      | Reached skill level 14 in Maces & Flails
  9000 | D:9      | Found a flagged portal.
  9046 | Bailey   | Entered a bailey
  9114 | Bailey   | Noticed an orc knight
  9131 | Bailey   | Killed an orc knight
  9269 | Bailey   | Noticed a sun demon
  9269 | Bailey   | Found an iron altar of Okawaru.
  9307 | Bailey   | Reached skill level 15 in Maces & Flails
  9499 | Bailey   | Became a worshipper of Warmaster Okawaru
  9651 | Bailey   | Noticed an orc knight
  9657 | Bailey   | Killed an orc knight
  9852 | Bailey   | Reached XP level 11. HP: 60/60 MP: 11/11
  9881 | Bailey   | Noticed an orc knight
  9892 | Bailey   | Mangled by an orc knight

Action                   |  1- 3 |  4- 6 |  7- 9 | 10-12 || total
-------------------------+-------+-------+-------+-------++-------
Melee: Flail             |   105 |    17 |   176 |   192 ||   490
       Short sword       |       |   323 |   623 |       ||   946
  Use: Scroll            |       |       |     8 |     6 ||    14
  Eat: Chunk             |       |     8 |    17 |     5 ||    30
